 Dungeon Crawl Stone Soup version 0.31-a0-44-g49d609d0da (webtiles) character file.

Game seed: 14228623812504764427

5583 porpoise the Skirmisher (level 11, 0/68 HPs)
             Began as a Kobold Hunter on May 21, 2023.
             Was an Elder of Okawaru.
             Slain by a fire elemental (12 damage)
             ... summoned by a deep elf pyromancer
             ... on level 8 of the Dungeon.
             The game lasted 00:22:57 (8127 turns).

porpoise the Skirmisher (Kobold Hunter)             Turns: 8127, Time: 00:22:58

Health: 0/68       AC: 11    Str: 10    XL:     11   Next: 2%
Magic:  13/15      EV: 24    Int: 10    God:    Okawaru [****..]
Gold:   271        SH:  0    Dex: 28    Spells: 10/10 levels left

rFire   . . .        a - +1 shortbow
rCold   . . .        (shield currently unavailable)
rNeg    . . .        K - +1 ring mail {Will+}
rPois   .            (no helmet)
rElec   .            N - +0 cloak
rCorr   .            e - +0 pair of gloves
SInv    .            (no boots)
Will    +....        P - amulet of the acrobat
Stlth   ++++++       g - +4 ring of slaying
HPRegen 0.31/turn    y - +6 ring of dexterity
MPRegen 0.14/turn

%: acrobat
@: heroic
A: small, no large weapons, nightstalker 3
a: Renounce Religion, Heroism, Finesse


You were on level 8 of the Dungeon.
You worshipped Okawaru.
Okawaru was greatly pleased with you.
You visited 2 branches of the dungeon, and saw 9 of its levels.
You also visited: Sewer and Ossuary.

You collected 341 gold pieces.
You spent 70 gold pieces at shops.

Inventory:

Hand Weapons
 a - a +1 shortbow (weapon)
 b - a +0 dagger of venom
Missiles
 i - 32 poisoned darts
 t - 2 boomerangs
 v - a curare-tipped dart
 E - 6 atropa-tipped darts
 R - 2 throwing nets
Armour
 e - a +0 pair of gloves (worn)
 u - a +1 leather armour of fire resistance
 K - a +1 ring mail of willpower (worn)
 N - a +0 cloak (worn)
Magical Staves
 O - the staff of earth "Kugashriss" {Will+ Str+3}
   (You found it on level 8 of the Dungeon)

   [staff of earth]

   Base accuracy: +5 Base damage: 5 Base attack delay: 1.2 This weapon's minimum
   attack delay (0.6) is reached at skill level 12.
   Str:       It affects your strength (+3).
   Will:      It increases your willpower.
   It falls into the 'Staves' category.
   It is a two-handed weapon.
Jewellery
 g - a +4 ring of slaying (left hand)
 y - a +6 ring of dexterity (right hand)
 B - a +6 ring of strength
 L - a ring of protection from cold
 P - an amulet of the acrobat (around neck)
Wands
 F - a wand of paralysis (5)
Scrolls
 c - a scroll of silence
 d - 4 scrolls of immolation
 h - 4 scrolls of vulnerability
 l - 2 scrolls of magic mapping
 n - 3 scrolls of noise
 o - 2 scrolls of enchant weapon
 p - 7 scrolls of teleportation
 q - 3 scrolls of fear
 r - a scroll of brand weapon {unknown}
 C - a scroll of butterflies {unknown}
 D - a scroll of poison {unknown}
 G - a scroll of fog {unknown}
 I - a scroll of torment {unknown}
 J - a scroll of enchant armour {unknown}
Potions
 f - a potion of ambrosia
 j - 3 potions of haste
 k - 2 potions of lignification
 m - 9 potions of curing
 s - 4 potions of brilliance
 w - 2 potions of magic
 x - 2 potions of heal wounds
 z - a potion of might
 A - 2 potions of mutation
 H - a potion of resistance
 M - a potion of berserk rage {unknown}
 Q - a potion of attraction {unknown}


   Skills:
 - Level 8.1(13.1) Fighting
 + Level 14.3(19.3) Ranged Weapons
 + Level 5.4(10.4) Armour
 - Level 7.1(12.1) Dodging
 - Level 6.4(11.4) Stealth
 + Level 6.0 Invocations
 - Level 4.8 Evocations


You had 10 spell levels left.
You didn't know any spells.
Your spell library contained the following spells:

 Spells                   Type           Power      Damage    Failure   Level
 Foxfire                  Conj/Fire      0%         2x1d4     61%         1
 Magic Dart               Conj           0%         1d3       61%         1
 Shock                    Conj/Air       0%         1d3       61%         1
 Lesser Beckoning         Tloc           0%         N/A       75%         2
 Gell's Gravitas          Tloc           0%         N/A       93%         3
 Mephitic Cloud           Conj/Pois/Air  0%         N/A       93%         3
 Ozocubu's Armour         Ice            0%         N/A       93%         3
 Swiftness                Air            0%         N/A       93%         3
 Teleport Other           Tloc           0%         N/A       93%         3
 Airstrike                Air            0%         2d(0-16)  100%        4
 Fireball                 Conj/Fire      0%         3d3       100%        5
 Metabolic Englaciation   Hex/Ice        0%         N/A       100%        5
 Plasma Beam              Fire/Air       0%         2x1d11    100%        6
 Starburst                Conj/Fire      0%         6d3       100%        6
 Orb of Destruction       Conj           0%         9d5       100%        7
 Call Imp                 Summ           Unusable   N/A       N/A         2
 Summon Guardian Golem    Hex/Summ       Unusable   N/A       N/A         3
 Simulacrum               Ice/Necr       Unusable   N/A       N/A         6
 Spellforged Servitor     Conj/Summ      Unusable   N/A       N/A         7

Dungeon Overview and Level Annotations

Branches:
Dungeon (8/15)             Temple (1/1) D:5           Sewer (visited)
Ossuary (visited)
   Lair: D:8-11

Altars:
Ashenzari
Cheibriados
Dithmenos
Elyvilon
Fedhas
Gozag
Hepliaklqana
Kikubaaqudgha
Makhleb
Nemelex Xobeh
Okawaru
Qazlal
Ru
Sif Muna
Trog
Vehumet
Wu Jian
Xom
Yredelemnul
Zin

Shops:
D:5 *   D:7 ![:[!

Annotations:
D:3 3 runed translucent doors
D:7 2 transporters, lunkers's ghost, novice MeFE
D:8 Maurice


Innate Abilities, Weirdness & Mutations

You are small and have problems with some larger weapons.
You are completely attuned to the shadows.


Message History

You shoot an arrow. The arrow hits the centaur warrior!
The centaur warrior is severely wounded.
The centaur warrior closely misses you. x2
The deep elf pyromancer hits you but does no damage.
The fire elemental hits you. The fire elemental burns you!
Fire: a) +1 shortbow
Press: ? - help, Q - select action, (/) - cycle Shift-Dir - straight line, f/p - centaur warrior
Aim: a centaur warrior, wielding a staff of earth (severely wounded, 82% to hit)
You shoot an arrow. The arrow hits the centaur warrior.
The centaur warrior is almost dead.
The centaur warrior hits you with a staff of earth.
The centaur warrior kicks you but does no damage.
The deep elf pyromancer completely misses you.
The centaur warrior hits you but does no damage.
The centaur warrior misses you. The fire elemental misses you.
Fire: a) +1 shortbow
Press: ? - help, Q - select action, (/) - cycle Shift-Dir - straight line, f - deep elf pyromancer, p - centaur warrior
Aim: a deep elf pyromancer, wielding a +0 dagger (73% to hit)
You shoot an arrow.
The arrow misses the deep elf pyromancer.
You hear an angry buzzing noise.
The centaur warrior completely misses you.
The centaur warrior closely misses you.
Maurice says, "Nice gear.
Can I borrow some?"
Maurice mumbles some strange words.
Maurice flickers and vanishes!
Deactivating autopickup; reactivate with Ctrl-A.
The deep elf pyromancer barely misses you.
The fire elemental hits you. The fire elemental burns you!
* * * LOW HITPOINT WARNING * * *
Fire: a) +1 shortbow
Press: ? - help, Q - select action, (/) - cycle Shift-Dir - straight line, f/p - deep elf pyromancer
Aim: a deep elf pyromancer, wielding a +0 dagger (73% to hit)
You shoot an arrow.
The arrow barely misses the deep elf pyromancer.
The centaur warrior hits you with a staff of earth.
* * * LOW HITPOINT WARNING * * *
The centaur warrior misses you. The fire elemental hits you.
The fire elemental burns you!
You die...

.######## # ## # #
$## .c #.# # #
#.°##. #.# # # ###
#.E. #### ####.#
########.## #{##
#.. ......###
........#.# #Ec#
#.#..#....##.
..###..#.##
##@####.#.###......
.##.##^#.#
#.e.......#.....#.
.....#.#.####
####.#.##........#
.##.##......#
#.#..........##
..###....##.#
####.#########)##
.........##.#
#....# #.#
###......##.#
#.#### #.#
#.###.###.####.##
##)## #.#
#.###.......#
##...##


You could see a centaur warrior, a deep elf pyromancer and 2 fire elementals.

Vanquished Creatures
  A centaur warrior (D:8)
  Psyche (D:8)
  2 polar bears (D:8)
  3 yaks (D:8)
  A wyvern (D:8)
  Edmund (D:5)
  A water moccasin (D:5)
  2 ice beasts
  A black bear (D:6)
  An ogre (D:7)
  A wolf (D:8)
  A centaur (D:8)
  A kobold brigand (Sewer)
  A bullfrog (D:8)
  5 wights (D:8)
  2 electric eels (D:6)
  3 howler monkeys (D:8)
  A human zombie (D:5)
  An orc priest (D:8)
  2 jellies (D:6)
  2 hounds
  4 iguanas
  Natasha (thrice) (D:4)
  3 orc wizards
  12 mummies (Ossuary)
  12 adders
  2 river rats (Sewer)
  2 shadow imps
  A white imp (D:8)
  A howler monkey simulacrum (D:8)
  2 ufetubi
  A worm (D:2)
  4 dart slugs
  21 orcs
  7 endoplasms
  4 giant cockroaches
  9 hobgoblins
  9 jackals
  23 kobolds
  3 quokkas
  10 ball pythons
  4 bats
  6 frilled lizards
  3 gnoll skeletons (Ossuary)
  5 goblins
  3 goblin skeletons (Ossuary)
  A jackal zombie (D:5)
  A kobold skeleton (Ossuary)
  An orc skeleton (Ossuary)
  31 rats
  11 rat skeletons (Ossuary)
233 creatures vanquished.

Notes
Turn   | Place    | Note
-------+----------+-------------------------------------------
     0 | D:1      | porpoise the Kobold Hunter began the quest for the Orb.
     0 | D:1      | Reached XP level 1. HP: 12/12 MP: 1/1
   127 | D:1      | Found a faded altar of an unknown god.
   130 | D:1      | Reached XP level 2. HP: 18/18 MP: 2/2
   353 | D:1      | Reached skill level 6 in Ranged Weapons
   356 | D:1      | Reached XP level 3. HP: 18/22 MP: 3/3
   706 | D:2      | Reached XP level 4. HP: 28/28 MP: 4/4
  1005 | D:2      | Reached skill level 7 in Ranged Weapons
  1150 | D:3      | Found a runed translucent gate.
  1151 | D:3      | Found a runed translucent gate.
  1151 | D:3      | Found a runed translucent gate.
  1253 | D:3      | Reached XP level 5. HP: 31/32 MP: 5/5
  2030 | D:4      | Found a glowing drain.
  2042 | Sewer    | Entered a sewer
  2149 | Sewer    | Noticed a kobold brigand
  2160 | Sewer    | Killed a kobold brigand
  2161 | Sewer    | Reached skill level 8 in Ranged Weapons
  2161 | Sewer    | Reached XP level 6. HP: 11/38 MP: 6/6
  2689 | D:4      | Found an iron altar of Okawaru.
  2839 | D:4      | Noticed Natasha
  2841 | D:4      | Killed Natasha
  2900 | D:4      | Found a sparkling altar of Nemelex Xobeh.
  2962 | D:4      | Noticed Natasha
  2964 | D:4      | Killed Natasha
  2965 | D:4      | Reached XP level 7. HP: 44/44 MP: 7/7
  3026 | D:4      | Became a worshipper of Warmaster Okawaru
  3179 | D:4      | Reached skill level 9 in Ranged Weapons
  3194 | D:4      | Found a shadowy altar of Dithmenos.
  3368 | D:4      | Noticed Natasha
  3374 | D:4      | Killed Natasha
  3448 | D:5      | Entered Level 5 of the Dungeon
  3453 | D:5      | Found Abbail's Assorted Antiques.
  3453 | D:5      | Noticed a water moccasin
  3458 | D:5      | Bought a scroll labelled FIUCI ANNO for 28 gold pieces
  3458 | D:5      | Bought a scroll labelled XIRGHU REIPICZARCH for 28 gold
                  | pieces
  3546 | D:5      | Found a sand-covered staircase.
  3559 | D:5      | Killed a water moccasin
  3560 | D:5      | Reached skill level 5 in Fighting
  3565 | Ossuary  | Entered an ossuary
  3852 | Ossuary  | Reached skill level 10 in Ranged Weapons
  3877 | Ossuary  | Reached * piety under Okawaru
  4008 | Ossuary  | Reached XP level 8. HP: 50/50 MP: 8/8
  4142 | D:5      | Noticed Edmund
  4161 | D:5      | Killed Edmund
  4162 | D:5      | Reached skill level 1 in Armour
  4532 | D:5      | You fall into a shaft and drop 2 floors!
  4532 | D:7      | Found Yngairuh's Distillery.
  4537 | D:7      | Bought a potion of degeneration for 14 gold pieces
  4935 | D:5      | Found a staircase to the Ecumenical Temple.
  4941 | Temple   | Entered the Ecumenical Temple
  5202 | D:6      | Found a blossoming altar of Fedhas.
  5572 | D:6      | Reached ** piety under Okawaru
  5846 | D:7      | Found Zoihuil's Antique Armour Shoppe.
  5973 | D:7      | Reached XP level 9. HP: 42/56 MP: 9/9
  6031 | D:7      | Found a transporter.
  6035 | D:7      | Found Wesubag's Book Boutique.
  6113 | D:7      | Reached skill level 11 in Ranged Weapons
  6138 | D:7      | Found a transporter.
  6141 | D:7      | Noticed lunkers's ghost (novice MeFE)
  6291 | D:7      | Found Otsiforgh's Armour Shoppe.
  6339 | D:7      | Reached skill level 13 in Ranged Weapons
  6339 | D:7      | Reached XP level 10. HP: 64/64 MP: 9/13
  6473 | D:7      | Found Cylaf's Distillery.
  6640 | D:8      | Identified the staff of earth "Kugashriss" {Will+ Str+3}
  6643 | D:8      | Found a snail-covered altar of Cheibriados.
  6781 | D:8      | Reached skill level 5 in Invocations
  6793 | D:8      | Reached *** piety under Okawaru
  7205 | D:8      | Reached skill level 5 in Armour
  7365 | D:8      | Reached skill level 14 in Ranged Weapons
  7665 | D:8      | Noticed Psyche
  7674 | D:8      | Killed Psyche
  8108 | D:8      | Noticed a centaur warrior
  8111 | D:8      | Noticed a centaur warrior
  8113 | D:8      | Noticed a deep elf pyromancer
  8114 | D:8      | Noticed Maurice
  8120 | D:8      | Killed a centaur warrior
  8120 | D:8      | Reached **** piety under Okawaru
  8121 | D:8      | Reached XP level 11. HP: 36/68 MP: 12/15
  8127 | D:8      | Slain by a fire elemental

Illustrated notes

Levels and vault maps discovered:
D:1:      wander_arrival_peaceful_grave, layout_basic, basic_ecumenical_altar
D:2:      layout_basic
D:3:      layout_basic, gammafunk_ghost_icy
D:4:      layout_loops_cross, nicolae_dithmenos_through_a_glass_darkly,
          nemelex_diamond_rough_becter, marbit_many_paths, portal_sewer_entry_e,
          uniq_natasha
D:5:      layout_loops_ring, minmay_temple_entry_poolview, enter_ossuary_3,
          serial_shops, nicolae_shop_rolling_square, uniq_edmund
D:6:      layout_basic, mainiacjoe_overflow_cross_hatched, kennysheep_dice
D:7:      layout_loops_ring, serial_shops, nicolae_diamond_shop, shop,
          nicolae_take_the_stairs, nicolae_shop_industrial_runoff, shop,
          gammafunk_ghost_stat_death
D:8:      minmay_bloctagon_deflated, layout_loops_corners, cheibriados_altar_1,
          serial_ice, serial_ice_b, serial_ice_e, serial_ice_m, serial_ice_d,
          uniq_psyche, uniq_maurice
Temple:   minmay_freezing_vapour_temple

Skill      XL: |  1  2  3  4  5  6  7  8  9 10 |
---------------+-------------------------------+-----
Ranged Weapons | 6 7 8 10 13 14 | 14.3
Fighting       | 3 4 5 6 8 |  8.1
Dodging        | 4 7 |  7.1
Armour         | 2 4 5 |  5.4
Stealth        | 6 |  6.4
Invocations    | 4 6 |  6.0
Evocations     | 4 |  4.8

Action                     |  1- 3 |  4- 6 |  7- 9 | 10-12 || total
---------------------------+-------+-------+-------+-------++-------
  Melee: Short sword       |       |       |     7 |       ||     7
   Fire: Shortbow          |    53 |   193 |   176 |   122 ||   544
 Invoke: Heroism           |       |       |     1 |     1 ||     2
    Use: Scroll            |     3 |     8 |     7 |     2 ||    20
         Potion            |       |     1 |     3 |     1 ||     5
 Armour: Leather armour    |     3 |    22 |     8 |       ||    33
         Ring mail         |       |       |     1 |    27 ||    28
  Dodge: Dodged            |    11 |    63 |    45 |    91 ||   210

Table legend: (Time is in decaauts)
 A = Elapsed time spent in this place.
 B = Non-inter-level travel time spent in this place.
 C = Inter-level travel time spent in this place.
 D = Time resting spent in this place.
 E = Time spent auto-exploring this place.
 F = Levels seen in this place.
 G = Mean time per level.
                   A        B        C        D        E       F      G
               +--------+--------+--------+--------+--------+-----+--------+
         Total |   8198 |   7905 |    293 |   1166 |   5108 |  11 |  745.3 |
       Dungeon |   7092 |   6803 |    289 |    933 |   4883 |   8 |  886.5 |
        Temple |     40 |     36 |      4 |      0 |     32 |   1 |   40.0 |
         Sewer |    567 |    567 |      0 |    104 |    192 |   1 |  567.0 |
       Ossuary |    498 |    498 |      0 |    129 |      0 |   1 |  498.0 |
               +--------+--------+--------+--------+--------+-----+--------+

Top non-repeatable levels by time:
     D:8: 1490 daAuts
     D:4: 1002 daAuts
     D:5: 928 daAuts
     D:7: 876 daAuts
     D:6: 848 daAuts
     D:3: 794 daAuts
     D:1: 651 daAuts
   Sewer: 567 daAuts
     D:2: 499 daAuts
 Ossuary: 498 daAuts
  Temple: 40 daAuts
